 Dungeon Crawl Stone Soup version 0.23.2-40-g277498a001 (webtiles) character file.

Game seed: 16112766514695796418

161 Hylith the Covered (level 5, -4/33 HPs)
             Began as a Gargoyle Fighter on Aug 13, 2019.
             Killed from afar by Natasha (8 damage)
             ... with a magic dart
             ... on level 4 of the Dungeon.
             The game lasted 00:02:45 (1154 turns).

Hylith the Covered (Gargoyle Fighter)               Turns: 1154, Time: 00:02:46

Health: -4/33      AC: 15    Str: 20    XL:     5   Next: 42%
Magic:  14/14      EV:  5    Int:  9    God:
Gold:   73         SH:  9    Dex:  9    Spells: 4/4 levels left

rFire    . . .     SeeInvis .   a - +0 flail
rCold    . . .     Gourm    .   c - +0 shield
rNeg     + . .     Faith    .   g - +0 chain mail (curse)
rPois    ∞         Spirit   .   (no helmet)
rElec    +         Reflect  .   n - +1 cloak
rCorr    .         Harm     .   (no gloves)
MR       .....                  (no boots)
Stlth    ..........             (no amulet)
HPRegen  0.11/turn              h - ring of magical power
MPRegen  0.14/turn              (no ring)

@: slowed, very slow
A: negative energy resistance 1, electricity resistance, unbreathing,
petrification resistance, rot immunity, AC +4
a: no special abilities


You were on level 4 of the Dungeon.
You were not hungry.

You visited 1 branch of the dungeon, and saw 3 of its levels.

You collected 73 gold pieces.

Inventory:

Hand Weapons
 a - a +0 flail (weapon)
Armour
 c - a +0 shield (worn)
 g - a cursed +0 chain mail (worn)
 n - a +1 cloak (worn)
Jewellery
 h - a ring of magical power (left hand)
Scrolls
 i - a scroll of identify
 l - a scroll of teleportation
 o - a scroll of blinking {unknown}
Potions
 d - a potion of might
 e - 2 potions of haste
 j - a potion of lignification {unknown}
 k - 3 potions of heal wounds
 m - a potion of mutation
Comestibles
 b - 4 chunks of flesh
 f - 4 rations


   Skills:
 + Level 4.1 Fighting
 * Level 3.5 Maces & Flails
 + Level 4.3 Armour
 + Level 4.1 Shields


You had 4 spell levels left.
You didn't know any spells.
Your spell library was empty.

Dungeon Overview and Level Annotations

Branches:
Dungeon (2/15)

Altars:
Nemelex Xobeh

Annotations:
D:4 Natasha


Innate Abilities, Weirdness & Mutations

You are resistant to torment.
Your stone body is resilient. (AC +4)
You are immune to poison.
You resist negative energy. (rN+)
You are resistant to electric shocks. (rElec)
You can survive without breathing.
You are immune to petrification.
You are immune to rotting.


Message History

You block the quokka skeleton's attack.
The shadow imp hits you but does no damage.
Natasha stares at you and mumbles some strange words.
You resist with some effort.
Your shield and chain mail prevent you from hitting Natasha.
Natasha is severely wounded.
You block the quokka skeleton's attack. Natasha casts a spell at you.
You feel as though you will be slow longer.
The shadow imp hits you but does no damage.
The quokka skeleton bites you but does no damage.
You block the shadow imp's attack. Natasha closely misses you.
You closely miss Natasha.
Natasha is severely wounded.
The quokka skeleton bites you but does no damage.
Natasha howls an incantation.
You feel disoriented. Natasha casts a spell at you. The magic dart hits you!
You die...

##..##...#
######..############
#.......##)...##...##
'...##..##....#.....#
#...##..##....#.....#
#.............#.....#
#.....<.......#.....#
##..######....##.†.#
##..##..##....##@..##..
##..##..#......5hZ......
.#..#...#...............
.#..##..##....##........
....##..########....#.#.
.#......##....##........
....................#.#.
.#..##....#.#.#.#.......
....##..#...........#.#


You could see Natasha, a shadow imp and a quokka skeleton.

Vanquished Creatures
  A howler monkey (D:4)
  Crazy Yiuf (D:2)
  5 adders
  A worm (D:2)
  2 leopard geckos
  3 orcs (D:2)
  2 giant cockroaches (D:2)
  4 goblins
  5 hobgoblins
  7 jackals (D:1)
  4 kobolds
  3 bats
  5 frilled lizards
  A rat (D:1)
44 creatures vanquished.

Notes
Turn   | Place    | Note
-------+----------+-------------------------------------------
     0 | D:1      | Hylith the Gargoyle Fighter began the quest for the Orb.
     0 | D:1      | Reached XP level 1. HP: 14/14 MP: 1/1
     1 | D:1      | Noticed an electric eel
    62 | D:1      | Reached XP level 2. HP: 11/19 MP: 2/2
   409 | D:2      | Reached XP level 3. HP: 21/24 MP: 3/3
   507 | D:2      | Found a faded altar of an unknown god.
   546 | D:2      | Found a runed translucent door.
   547 | D:2      | Noticed Crazy Yiuf
   560 | D:2      | Killed Crazy Yiuf
   560 | D:2      | Reached XP level 4. HP: 5/29 MP: 4/4
   974 | D:2      | Found a sparkling altar of Nemelex Xobeh.
  1020 | D:2      | Reached XP level 5. HP: 20/33 MP: 5/5
  1078 | D:2      | You fall through a shaft for 2 floors!
  1137 | D:4      | Noticed Natasha
  1154 | D:4      | Killed from afar by Natasha

Skill      XL: |  1  2  3  4 |
---------------+-------------+-----
Armour         | 4 |  4.3
Maces & Flails | 3 |  3.5
Fighting       | 4 |  4.1
Shields        | 4 |  4.1

Action                   |  1- 3 |  4- 6 || total
-------------------------+-------+-------++-------
Melee: Flail             |   108 |   109 ||   217
  Use: Scroll            |     3 |     3 ||     6
 Stab: Invisible         |     1 |       ||     1
       Distracted        |       |     1 ||     1
  Eat: Chunk             |       |     1 ||     1
Armor: Scale mail        |   106 |    22 ||   128
       Chain mail        |       |    89 ||    89
Dodge: Dodged            |    72 |    34 ||   106
Block: Shield            |    90 |    72 ||   162
